 Dungeon Crawl Stone Soup version 0.32-a0-720-g1d96ad090f (webtiles) character file.

Game seed: 862968029995554309

317 Ajdolov the Shooter (level 6, -3/48 HPs)
             Began as a Ghoul Hunter on Mar 16, 2024.
             Was an Initiate of Hepliaklqana.
             Slain by a black bear (4 damage)
             ... on level 4 of the Dungeon.
             The game lasted 00:11:24 (4458 turns).

Ajdolov the Shooter (Ghoul Hunter)                  Turns: 4458, Time: 00:11:25

Health: -3/48      AC:  3    Str: 15    XL:     6   Next: 44%
Magic:  6/6        EV: 10    Int:  8    God:    Hepliaklqana [......]
Gold:   47         SH:  0    Dex: 14    Spells: 5/5 levels left

rFire   + . .        a - +0 shortbow
rCold   + + .        (shield currently unavailable)
rNeg    + + +        c - +0 leather armour
rPois   ∞            (no helmet)
rElec   .            d - scarf {rC+ rF+}
rCorr   .            (no gloves)
SInv    .            (no boots)
Will    .....        (no amulet)
Stlth   +            (no ring)
HPRegen 0.00/turn    (no ring)
MPRegen 0.10/turn

%: no passive effects
@: inhibited regen
A: claws 1, cold resistance 1, negative energy resistance 3, inhibited
regeneration, torment resistance 2, devour on kill
a: Renounce Religion


You were on level 4 of the Dungeon.
You worshipped Hepliaklqana.
Hepliaklqana was noncommittal.
You visited 1 branch of the dungeon, and saw 4 of its levels.

You collected 151 gold pieces.
You spent 104 gold pieces at shops.

Inventory:

Hand Weapons
 a - a +0 shortbow (weapon)
Missiles
 e - 2 atropa-tipped darts
Armour
 c - a +0 leather armour (worn)
 d - a scarf of resistance (worn)
 l - a +0 ring mail
Jewellery
 p - an amulet of faith
Wands
 q - a wand of paralysis (5)
Scrolls
 f - a scroll of vulnerability {unknown}
 g - a scroll of enchant armour {unknown}
 m - a scroll of teleportation
 n - 2 scrolls of noise {unknown}
 t - a scroll of brand weapon {unknown}
Potions
 b - a potion of heal wounds {unknown}
 h - 3 potions of curing
 i - 2 potions of berserk rage
 j - a potion of might {unknown}
 k - a potion of attraction {unknown}
 o - a potion of ambrosia {unknown}
 r - 2 potions of mutation {unknown}
 s - a potion of enlightenment {unknown}


   Skills:
 - Level 2.1 Fighting
 + Level 6.9 Ranged Weapons
 - Level 1.7 Dodging
 - Level 1.1 Stealth


You had 5 spell levels left.
You didn't know any spells.
Your spell library contained the following spells:

 Spells                   Type           Power      Damage    Failure   Level
 Jinxbite                 Hex            0%         N/A       63%         2
 Mercury Vapours          Alch/Air       0%         N/A       63%         2
 Mephitic Cloud           Conj/Alch/Air  0%         N/A       85%         3
 Freezing Cloud           Conj/Ice/Air   0%         6-21      100%        5
 Silence                  Hex/Air        0%         N/A       100%        5


Dungeon Overview and Level Annotations

Branches:
Dungeon (4/15)
 Temple: D:4-7

Altars:
Fedhas
Hepliaklqana
Wu Jian

Shops:
D:3 (*[


Innate Abilities, Weirdness & Mutations

You are immune to poison.
You have sharp fingernails.
Your flesh is cold resistant. (rC+)
You are immune to negative energy. (rN+++)
You do not regenerate when monsters are visible.
You are immune to unholy pain and torment.
You thrive by killing the living.


Message History

The black bear is moderately wounded.
You shoot an arrow. The arrow hits the black bear!
The black bear is heavily wounded.
You shoot an arrow. The arrow hits the black bear.
The black bear is severely wounded.
You shoot an arrow. The arrow hits the black bear.
The black bear is severely wounded.
You shoot an arrow. The arrow hits the black bear.
The black bear is severely wounded.
You shoot an arrow. The arrow hits the black bear.
The black bear is almost dead.
The black bear is no longer paralysed.
The black bear goes berserk!
You shoot an arrow. The arrow hits the black bear.
The black bear is almost dead.
You shoot an arrow.
The arrow hits the black bear but does no damage.
The black bear is almost dead.
The black bear bites you! The black bear claws you.
The black bear barely misses you. The black bear bites you.
The black bear claws you. x2
Aiming: Paralyse
Press: ? - help, Shift-Dir - straight line, f/p - black bear
Aim: a black bear (almost dead, berserk, chance to affect: 49%)
The black bear resists with some effort.
The black bear closely misses you. The black bear claws you.
The black bear misses you.
Unknown command.
Aiming: Paralyse
Press: ? - help, Shift-Dir - straight line, f/p - black bear
Aim: a black bear (almost dead, berserk, chance to affect: 49%)
The black bear resists with some effort.
The black bear bites you! The black bear claws you.
* * * LOW HITPOINT WARNING * * *
The black bear completely misses you. The black bear bites you!
* * * LOW HITPOINT WARNING * * *
The black bear claws you.
* * * LOW HITPOINT WARNING * * *
The black bear claws you.
You die...
Hepliaklqana delivers you to your ancestors.

##.## ##...#########
##.#.###.###.........
##.###.#.## ##.#######
##.## ##..# #......#
#...###...## ##.####.#
#[##.#.##..###.## #.# #.
##.###.#...## #.#
#.###.###.##.## #.#####
#.#......@...#######.#....
#.#.#.###h##...........###
#^#.#.# #.##.######.####
#.#.#.###.##.# #.#
#.........##.# #.######
......h#####.######.#.....
###.#.. #..........#### #
#.h #.###....#.#... #..
#.###.####.#.≈≈


You could see a black bear (berserk).

Vanquished Creatures
  Blork the orc (D:4)
  An orc priest (D:3)
  A gnoll bouda (D:4)
  An orc wizard (D:3)
  3 adders
  4 gnolls
  3 dart slugs
  A ribbon worm (D:3)
  15 orcs
  7 endoplasms
  A giant cockroach (D:4)
  4 goblins
  6 hobgoblins
  6 jackals
  8 kobolds
  2 quokkas
  3 ball pythons
  6 bats
  5 frilled lizards
  2 rats
80 creatures vanquished.

Notes
Turn   | Place    | Note
-------+----------+-------------------------------------------
     0 | D:1      | Ajdolov the Ghoul Hunter began the quest for the Orb.
     0 | D:1      | Reached XP level 1. HP: 17/17 MP: 1/1
   160 | D:1      | Reached skill level 4 in Ranged Weapons
   160 | D:1      | Reached XP level 2. HP: 24/24 MP: 2/2
   862 | D:2      | Reached XP level 3. HP: 26/29 MP: 3/3
  1249 | D:2      | Identified the +1 dagger "Zodid" {drain, Str+6}
  1796 | D:2      | Found a faded altar of an unknown god.
  1916 | D:3      | Found Waroithru's Assorted Antiques.
  2010 | D:3      | Found Bithruto's Antique Weapon Shop.
  2102 | D:3      | Reached skill level 5 in Ranged Weapons
  2102 | D:3      | Reached XP level 4. HP: 15/36 MP: 4/4
  2224 | D:3      | Bought a scroll labelled QOT CEFUAT for 26 gold pieces
  2224 | D:3      | Bought a potion of curing for 78 gold pieces
  2595 | D:3      | Got the Incunabulum of Destiny
  2623 | D:3      | Found Ribbu's Armour Shoppe.
  2683 | D:3      | Found a blossoming altar of Fedhas.
  2683 | D:3      | Found an ornate altar of the Wu Jian Council.
  2898 | D:4      | Noticed Blork the orc
  3411 | D:3      | Reached XP level 5. HP: 28/41 MP: 5/5
  3689 | D:4      | Found a hazy altar of Hepliaklqana.
  3692 | D:4      | Became a worshipper of Hepliaklqana the Forgotten
  3726 | D:4      | Killed Blork the orc
  3727 | D:4      | Reached skill level 6 in Ranged Weapons
  3822 | D:4      | Reached XP level 6. HP: 33/48 MP: 6/6
  4438 | D:4      | Noticed a black bear
  4458 | D:4      | HP: 1/48 [black bear (5)]
  4458 | D:4      | Slain by a black bear

Illustrated notes

Levels and vault maps discovered:
D:1:      wheals_arrival_shading, layout_basic
D:2:      layout_basic, ebering_ecumenical_altar_webs
D:3:      layout_basic, amethyst_overflow_temple_binary, serial_shops, shop,
          nicolae_shop_window_shopping, shop, dk_vineyard_1
D:4:      layout_loops_ring, nicolae_overflow_squiral, grunt_ministairs_3,
          uniq_blork_the_orc

Skill      XL: |  1  2  3  4  5 |
---------------+----------------+-----
Ranged Weapons | 4 5 6 |  6.9
Fighting       | |  2.1
Dodging        | |  1.7
Stealth        | |  1.1

Action                     |  1- 3 |  4- 6 || total
---------------------------+-------+-------++-------
   Fire: Shortbow          |   165 |   194 ||   359
  Throw: Throwing net      |       |     1 ||     1
  Evoke: Wand              |       |     7 ||     7
    Use: Potion            |     5 |       ||     5
         Scroll            |       |     2 ||     2
 Armour: Leather armour    |    37 |    82 ||   119
  Dodge: Dodged            |    36 |    63 ||    99

Table legend: (Time is in decaauts)
 A = Elapsed time spent in this place.
 B = Non-inter-level travel time spent in this place.
 C = Inter-level travel time spent in this place.
 D = Time resting spent in this place.
 E = Time spent auto-exploring this place.
 F = Levels seen in this place.
 G = Mean time per level.
                   A        B        C        D        E       F      G
               +--------+--------+--------+--------+--------+-----+--------+
         Total |   4531 |   3952 |    579 |    303 |   2687 |   4 | 1132.8 |
       Dungeon |   4531 |   3952 |    579 |    303 |   2687 |   4 | 1132.8 |
               +--------+--------+--------+--------+--------+-----+--------+

Top non-repeatable levels by time:
     D:3: 1472 daAuts
     D:2: 1357 daAuts
     D:1: 852 daAuts
     D:4: 849 daAuts
